AoeStats
← Babayaga (/=\)

Four Lakes

510169657Analyzed
1v1 RM · 2d ago on Sep 29, 2026· 23m 25s· 2 players
Game mode
Random Map
Map size
Tiny (2 player)
Population
200
Speed
Normal
Resources
Standard
Victory
Conquest
Starting age
Dark Age
Ending age
Imperial Age
RankedLock teamsTeams togetherTeam positionsShared explorationLock speedFull tech treeHidden civsTurbo modeCheats
Victory
Defeat
🇸🇪 Burgundians · Sweden
618
+18
🇺🇸 Poles · United States
668
-18
Babayaga (/=\)
10:22 Loom
12:09 Feudal Age
17:22 Castle Age
17:29 Forging
17:31 Scale Barding Armor
17:41 Double-Bit Axe
17:38 Cavalier
18:30 Husbandry
19:50 Horse Collar
Sinpar
0:54 Loom
12:39 Feudal Age
13:41 Horse Collar
15:04 Wheelbarrow
19:27 Double-Bit Axe
21:18 Gold Mining
21:25 Stone Mining
22:56 Bloodlines
Connection lost

Rejoining the realm…

Still unreachable

The connection could not be restored.

Session expired

The server has moved on; the page needs a fresh start.